 Dungeon Crawl Stone Soup version 0.16-a0-3841-g2612308 (webtiles) character file.

291 Psiweapon the Chucker (level 6, -2/61 HPs)
             Began as an Ogre Hunter on Jan 30, 2015.
             Was an Initiate of Qazlal.
             Slain by an ice beast (11 damage)
             ... on level 5 of the Dungeon.
             The game lasted 00:14:32 (3915 turns).

Psiweapon the Chucker (Ogre Hunter)                 Turns: 3915, Time: 00:14:32

Health: -2/61      AC:  8    Str: 18    XL:     6   Next: 32%
Magic:  6/6        EV: 11    Int: 10    God:    Qazlal [......]
Gold:   121        SH:  0    Dex: 12    Spells: 0 memorised, 5 levels left

rFire  . . .     SeeInvis .     A - +1 mace (protect)
rCold  . . .     Clarity  .     I - +0 robe
rNeg   . . .     SustAb   +     (shield restricted)
rPois  +         Gourm    .     (helmet restricted)
rElec  .         Spirit   .     (no cloak)
rCorr  +         Warding  .     (gloves unavailable)
rMut   .         Stasis   .     (boots unavailable)
MR     .....                    g - amulet of resist corrosion
Stlth  +.........               t - ring of sustain abilities
                                v - ring of poison resistance

@: flying, not resistant to hostile enchantments, very unstealthy
A: unfitting armour, tough skin 1
a: Renounce Religion


You were on level 5 of the Dungeon.
You worshipped Qazlal.
Qazlal was noncommittal.
You were not hungry.

You visited 1 branch of the dungeon, and saw 5 of its levels.

You collected 121 gold pieces.

Inventory:

Hand weapons
 a - a +0 short sword
 i - a +1 dagger of protection
 k - a +0 club
 r - a +0 dagger
 y - a +0 flail
 A - a +1 mace of protection (weapon)
Missiles
 j - 11 bolts of flame
 n - 89 stones (quivered)
 s - 13 poisoned bolts
Armour
 d - a +0 animal skin
 I - a +0 robe (worn)
Jewellery
 g - an amulet of resist corrosion (around neck)
 t - a ring of sustain abilities (right hand)
 v - a ring of poison resistance (left hand)
Scrolls
 e - 4 scrolls of identify {unknown}
 h - 2 scrolls of remove curse {unknown}
 l - a scroll of random uselessness {unknown}
 p - a scroll of magic mapping {unknown}
 u - a scroll of fear {unknown}
 B - a scroll of amnesia {unknown}
 H - a scroll of teleportation {unknown}
Potions
 m - a potion of agility {unknown}
 q - a potion of magic {unknown}
 w - a potion of flight
 x - a potion of restore abilities {unknown}
 D - a potion of curing
Books
 C - a book of Transfigurations

   Spells                             Type                      Level
   a - Stoneskin                      Transmutation/Earth          2
   b - Irradiate                      Conjuration/Transmutation    5
   c - Statue Form                    Transmutation/Earth          6
   d - Hydra Form                     Transmutation                6
   e - Dragon Form                    Transmutation                7
Comestibles
 f - 2 meat rations
 o - a bread ration
 E - 3 chunks of flesh
 F - 10 fruits
 G - a slice of pizza


   Skills:
 + Level 3.5 Fighting
 + Level 1.0 Maces & Flails
 + Level 5.6 Throwing
 + Level 4.5 Dodging
 - Level 1.4 Stealth


You had 5 spell levels left.
You didn't know any spells.

Dungeon Overview and Level Annotations

Branches:
Dungeon (5/15)
 Temple: D:4-7

Altars:
Nemelex Xobeh
Qazlal


Innate Abilities, Weirdness & Mutations

You are too large for most types of armour.
You have tough skin (AC +1).


Message History

The ice beast is severely wounded.
The ice beast closely misses you.
You hit the ice beast but do no damage.
The ice beast is severely wounded.
The ice beast barely misses you.
You hit the ice beast.
The ice beast is almost dead.
The ice beast barely misses you. The ice beast closely misses you.
You hit the ice beast.
The ice beast is almost dead.
The ice beast closely misses you.
You hit the ice beast.
The ice beast is almost dead.
The ice beast barely misses you.
You hit the ice beast.
The ice beast is almost dead.
The ice beast barely misses you. The ice beast hits you.
* * * LOW HITPOINT WARNING * * *
The ice beast freezes you!
You die...

........#..?...
....[....#.......
#.......:.#
#######..## #..##
###### #.(.#
#######....###(#.#
#....##.....##Y#..#
#
#....##......#@##.#
###....##......#.#
.#
'................#
.#
###########...##.#
# #...##.# #
######.# # ### # #


You could see an ice beast.

Vanquished Creatures
  A giant frog skeleton (D:4)
  2 worker ants
  4 gnolls
  8 adders
  A giant mite (D:1)
  A shadow imp (D:5)
  3 worms
  An adder zombie (D:5)
  A giant gecko (D:3)
  An ooze (D:1)
  3 orcs (D:3)
  3 giant cockroaches
  6 goblins
  6 hobgoblins
  2 jackals (D:1)
  9 bats
  A giant cockroach zombie (D:5)
  6 giant newts
  3 kobolds
  4 quokkas
  8 rats
74 creatures vanquished.

Notes
Turn   | Place    | Note
--------------------------------------------------------------
     0 | D:1      | Psiweapon, the Ogre Hunter, began the quest for the Orb.
     0 | D:1      | Reached XP level 1. HP: 22/22 MP: 1/1
   283 | D:1      | Reached XP level 2. HP: 25/29 MP: 2/2
   850 | D:1      | Reached skill level 5 in Throwing
   850 | D:1      | Reached XP level 3. HP: 22/36 MP: 3/3
  1803 | D:2      | Reached skill level 1 in Stealth
  1803 | D:2      | Reached XP level 4. HP: 26/45 MP: 4/4
  2455 | D:3      | Found a sparkling altar of Nemelex Xobeh.
  2507 | D:3      | Reached XP level 5. HP: 24/53 MP: 5/5
  3207 | D:3      | Found a stormy altar of Qazlal.
  3216 | D:3      | Became a worshipper of Qazlal Stormbringer
  3681 | D:4      | Reached skill level 1 in Maces & Flails
  3681 | D:4      | Reached XP level 6. HP: 61/61 MP: 6/6
  3756 | D:5      | Entered Level 5 of the Dungeon
  3915 | D:5      | Slain by an ice beast

Action                   |  1- 3 |  4- 6 || total
-------------------------+-------+-------++-------
Melee: Short sword       |    22 |       ||    22
       Dagger            |   116 |    37 ||   153
       Flail             |       |    54 ||    54
       Mace              |       |   145 ||   145
Throw: Stone             |    13 |       ||    13
       Large rock        |     5 |    15 ||    20
       Throwing net      |       |     3 ||     3
  Use: Potion            |       |     3 ||     3
 Stab: Sleeping          |       |     1 ||     1
  Eat: Chunk             |     1 |     9 ||    10
